 Dungeon Crawl Stone Soup version 0.24.0-35-gdb84b6a5db (webtiles) character file.

Game seed: 4934861632925268707, levelgen mode: deterministic

70 Nattfarinn the Insei (level 4, -2/30 HPs)
             Began as an Octopode Transmuter on Nov 18, 2019.
             Slain by a worker ant (7 damage)
             ... on level 4 of the Dungeon.
             The game lasted 00:02:22 (1244 turns).

Nattfarinn the Insei (Octopode Transmuter)          Turns: 1244, Time: 00:02:23

Health: -2/30      AC:  1    Str: 10    XL:     4   Next: 21%
Magic:  7/7        EV: 13    Int: 15    God:
Gold:   108        SH:  0    Dex: 12    Spells: 6/7 levels left

rFire    . . .     SeeInvis .     - Unarmed
rCold    . . .     Gourm    .   (no shield)
rNeg     . . .     Faith    .   (helmet restricted)
rPois    .         Spirit   .   (no amulet)
rElec    .         Reflect  .   i - ring of stealth
rCorr    .         Harm     .   (no ring)
MR       .....                  (no ring)
Stlth    +++.......             (no ring)
HPRegen  0.10/turn              (no ring)
MPRegen  0.10/turn              (no ring)
                                (no ring)
                                (no ring)

@: no status effects
A: almost no armour, stealthy swim, amphibious, 8 rings, constrict 8, camouflage
1, gelatinous body 1
a: no special abilities


You were on level 4 of the Dungeon.
You were not hungry.

You visited 1 branch of the dungeon, and saw 3 of its levels.

You collected 108 gold pieces.

Inventory:

Missiles
 a - 28 arrows
Jewellery
 i - a ring of stealth (left tentacle)
Scrolls
 d - a scroll of enchant weapon
 f - 3 scrolls of identify
 h - a scroll of enchant armour {unknown}
Potions
 e - 2 potions of curing {unknown}
 g - a potion of resistance {unknown}
Comestibles
 b - 2 chunks of flesh
 c - 5 rations


   Skills:
 * Level 2.3 Fighting
 + Level 2.4 Dodging
 + Level 3.3 Unarmed Combat
 - Level 2.0 Spellcasting
 * Level 3.0 Transmutations


You had 6 spell levels left.
You knew the following spells:

 Your Spells              Type           Power        Failure   Level  Hunger
a - Beastly Appendage     Tmut           ##....       6%          1    #......

Your spell library contained the following spells:

 Spells                   Type           Power        Failure   Level  Hunger
 Sticks to Snakes         Tmut           ##......     10%         2    ###....
 Magic Dart               Conj           #...         22%         1    #......
 Blink                    Tloc           N/A          32%         2    ###....
 Call Imp                 Summ           #.......     32%         2    ###....
 Slow                     Hex            #.......     32%         2    ###....
 Spider Form              Tmut/Pois      #.........   34%         3    ###....
 Conjure Flame            Conj/Fire      #.......     54%         3    ###....
 Mephitic Cloud           Conj/Pois/Air  #.......     54%         3    ###....
 Ice Form                 Ice/Tmut       #.......     75%         4    #####..
 Blade Hands              Tmut           ##........   87%         5    ######.


Dungeon Overview and Level Annotations

Branches:
Dungeon (2/15)

Altars:


Innate Abilities, Weirdness & Mutations

You cannot wear most types of armour.
You are very stealthy in the water. (Stealth+)
You are amphibious.
You can wear up to eight rings at the same time.
You can use your tentacles to constrict eight enemies at once.
Your skin changes colour to match your surroundings (Stealth+).
Your rubbery body absorbs attacks. (AC +1, EV +1)


Message History

The jackal misses you.
You tentacle-slap the jackal.
You kill the jackal!
Memorise Sticks to Snakes, consuming 2 spell levels and leaving 4?
The jackal bites you.
Your memorisation is interrupted.
You closely miss the jackal. You grab the jackal.
You constrict the jackal, but do no damage.
The jackal bites you. x2
Some of the chunks of flesh in your inventory have rotted away.
You tentacle-slap the jackal.
The jackal is severely wounded.
You constrict the jackal.
You kill the jackal!
The worker ant waves its antennae.
You tentacle-slap the worker ant but do no damage.
Your grab misses the worker ant. The worker ant bites you!
* * * LOW HITPOINT WARNING * * *
You completely miss the worker ant. You grab the worker ant.
You constrict the worker ant. The worker ant bites you!
You die...

#. ## .. ##.#### ...
#.....# #.# ##.....# #.#
.<#......# ###.# ......!..#
##..# #..)>...#####
###...##
#........a@.####......#####
...##...###......####......
# ##..# ####..## ###..#.
#.## #### ##### #. .# ##


You could see a worker ant.

Vanquished Creatures
  An iguana (D:4)
  2 oozes (D:1)
  A dart slug (D:1)
  A leopard gecko (D:2)
  2 giant cockroaches (D:1)
  4 hobgoblins
  4 jackals
  4 bats
  4 frilled lizards
  6 kobolds
  4 rats
33 creatures vanquished.

Notes
Turn   | Place    | Note
-------+----------+-------------------------------------------
     0 | D:1      | Nattfarinn the Octopode Transmuter began the quest for the
                  | Orb.
     0 | D:1      | Reached XP level 1. HP: 13/13 MP: 3/3
    47 | D:1      | Reached XP level 2. HP: 15/18 MP: 5/5
   383 | D:1      | Reached XP level 3. HP: 24/24 MP: 6/6
  1196 | D:2      | You fall into a shaft and drop 2 floors!
  1229 | D:4      | Reached XP level 4. HP: 18/30 MP: 7/7
  1244 | D:4      | Slain by a worker ant

Levels and vault maps discovered:
D:1:      dpeg_arrival_radiant, layout_basic
D:2:      layout_basic
D:4:      layout_layer_cave, first_ration

Skill      XL: |  1  2  3 |
---------------+----------+-----
Fighting       | 2 |  2.3
Transmutations | 3 |  3.0
Dodging        | |  2.4
Unarmed Combat | |  3.3
Spellcasting   | |  2.0

Action                   |  1- 3 |  4- 6 || total
-------------------------+-------+-------++-------
Melee: Unarmed           |    66 |    10 ||    76
       Tentacles         |    11 |     1 ||    12
       Constrict         |    16 |     3 ||    19
       Punch             |     3 |       ||     3
  Use: Scroll            |     4 |       ||     4
 Stab: Sleeping          |    10 |       ||    10
  Eat: Chunk             |     1 |       ||     1
Armor: Skin              |     7 |     1 ||     8
Dodge: Dodged            |    28 |     3 ||    31
